 Dungeon Crawl Stone Soup version 0.29.1-1-gd02db6906a (webtiles) character file.

Game seed: 6166827972621893095

71 Kaiern the Covered (level 4, 0/29 HPs)
             Began as a Gargoyle Fighter on Oct 7, 2022.
             Slain by Ijyb
             ... wielding a +7 club
              (11 damage)
             ... on level 3 of the Dungeon.
             The game lasted 00:03:53 (1674 turns).

Kaiern the Covered (Gargoyle Fighter)               Turns: 1674, Time: 00:03:54

Health: 0/29       AC: 11    Str: 21    XL:     4   Next: 24%
Magic:  4/4        EV:  9    Int:  9    God:
Gold:   163        SH:  4    Dex:  9    Spells: 3/3 levels left

rFire   . . .      SeeInvis .   a - +0 flail
rCold   . . .      Faith    .   c - +0 buckler
rNeg    + . .      Spirit   .   b - +0 scale mail
rPois   ∞          Reflect  .   (no helmet)
rElec   +          Harm     .   (no cloak)
rCorr   .          Rampage  .   (no gloves)
Will    .....                   j - +0 pair of boots
Stlth   ..........              (no amulet)
HPRegen 0.09/turn               (no ring)
MPRegen 0.09/turn               (no ring)

@: no status effects
A: sickness immunity, AC +3, negative energy resistance 1, electricity
resistance, torment resistance 1, petrification resistance
a: no special abilities


You were on level 3 of the Dungeon.
You visited 1 branch of the dungeon, and saw 3 of its levels.

You collected 163 gold pieces.

Inventory:

Hand Weapons
 a - a +0 flail (weapon)
Armour
 b - a +0 scale mail (worn)
 c - a +0 buckler (worn)
 j - a +0 pair of boots (worn)
Jewellery
 e - an amulet of guardian spirit
 p - a ring of protection from cold
Scrolls
 g - a scroll of noise {unknown}
 k - 2 scrolls of acquirement {unknown}
 l - a scroll of poison {unknown}
 o - a scroll of amnesia {unknown}
 r - a scroll of identify {unknown}
Potions
 d - a potion of might
 f - a potion of brilliance {unknown}
 h - 3 potions of curing {unknown}
 i - a potion of magic {unknown}
 m - a potion of ambrosia {unknown}
 n - a potion of haste {unknown}
 q - a potion of resistance {unknown}


   Skills:
 + Level 3.9 Fighting
 + Level 2.8 Maces & Flails
 + Level 3.9 Armour
 + Level 3.9 Shields


You had 3 spell levels left.
You didn't know any spells.
Your spell library was empty.

Dungeon Overview and Level Annotations

Branches:
Dungeon (3/15)

Altars:

Shops:
D:1 !

Annotations:
D:3 Ijyb


Innate Abilities, Weirdness & Mutations

You are immune to sickness and miasma.
Your stone body is resilient. (AC +3)
You are immune to poison.
You resist negative energy. (rN+)
You are resistant to electric shocks. (rElec)
You are resistant to unholy torment.
You are immune to petrification.


Message History

Things that are here:
a +0 club; a +0 dagger of venom
Things that are here:
a +0 club; a stone; a +0 whip
Things that are here:
a +0 dagger; 5 stones
There is a stone staircase leading down here.
You climb downwards.
Ijyb shouts!
There is a stone staircase leading up here.
You closely miss Ijyb. Ijyb barely misses you.
You closely miss Ijyb. Ijyb hits you but does no damage.
You barely miss Ijyb. Ijyb hits you but does no damage.
You closely miss Ijyb. Ijyb hits you with a +7 club. Ijyb closely misses you.
You barely miss Ijyb. You block Ijyb's attack.
You barely miss Ijyb. Ijyb barely misses you.
You closely miss Ijyb. Ijyb misses you. Ijyb completely misses you.
You closely miss Ijyb. Ijyb hits you with a +7 club.
You sock Ijyb!
Ijyb is moderately wounded.
Ijyb hits you with a +7 club.
You hit Ijyb.
Ijyb is moderately wounded.
You block Ijyb's attack.
You closely miss Ijyb.
Ijyb is moderately wounded.
Ijyb screams, "Me kill you!" Ijyb hits you but does no damage.
Ijyb hits you with a +7 club!
You are too injured to fight recklessly!
You barely miss Ijyb.
Ijyb is moderately wounded.
Ijyb hits you but does no damage.
You closely miss Ijyb.
Ijyb is moderately wounded.
Ijyb grins evilly.
Ijyb hits you but does no damage.
You hit Ijyb but do no damage.
Ijyb is moderately wounded.
Ijyb hits you with a +7 club!
You die...

### ..#
#.# #.#
#@#
#g..#
#......
#.######
..# ..#
#.# #.#


You could see Ijyb.

Vanquished Creatures
  An adder (D:2)
  2 worms (D:2)
  2 bats (D:2)
  An endoplasm (D:1)
  2 giant cockroaches (D:2)
  7 goblins
  8 hobgoblins
  7 jackals (D:2)
  A quokka (D:1)
  3 ball pythons
  6 frilled lizards
  7 kobolds (D:2)
  5 rats
52 creatures vanquished.

Vanquished Creatures (others)
  8 plants (D:2)
8 creatures vanquished.

Grand Total: 60 creatures vanquished

Notes
Turn   | Place    | Note
-------+----------+-------------------------------------------
     0 | D:1      | Kaiern the Gargoyle Fighter began the quest for the Orb.
     0 | D:1      | Reached XP level 1. HP: 14/14 MP: 1/1
   108 | D:1      | Reached XP level 2. HP: 15/19 MP: 2/2
   343 | D:1      | Found Teiqan's Distillery.
   550 | D:1      | Reached XP level 3. HP: 23/23 MP: 3/3
   777 | D:2      | Found a faded altar of an unknown god.
  1237 | D:2      | Reached XP level 4. HP: 27/29 MP: 4/4
  1658 | D:3      | Noticed Ijyb
  1674 | D:3      | Slain by Ijyb

Illustrated notes

Levels and vault maps discovered:
D:1:      dpeg_arrival_round_a, layout_basic, serial_shops, shop
D:2:      layout_loops_ring, nicolae_ecumenical_pavilion,
          lexackson_kobold_supper
D:3:      layout_loops_ring, nicolae_sif_muna_condensation,
          chequers_serial_rivers_room_a, minmay_door_square,
          minmay_ogre_servants, uniq_grinder, uniq_ijyb,
          uniq_crazy_yiuf_cottage, uniq_jessica

Action                   |  1- 3 |  4- 6 || total
-------------------------+-------+-------++-------
Melee: Flail             |    96 |    50 ||   146
Armor: Scale mail        |    75 |    23 ||    98
Dodge: Dodged            |    44 |    20 ||    64
Block: Buckler           |    17 |    11 ||    28
